Match 46715243
Unlisted

Match 46715243
End
Panzerpioneer Squad
Panzerpioneer Squad
Selects Italian Infantry
Construct Light Support Kompanie
MG34 Team
MG34 Team
MG34 Team
MG34 Team
Selects Defensive Operations
Panzerjäger Mechanized Group
Fire Support Elements
Pak 38 Anti-tank Gun Team
Windy In Heaven
water
0
0

Comments sign in to comment!

No comments posted yet!